 Dungeon Crawl Stone Soup version 0.30.1-11-g7821555f0a (webtiles) character file.

Game seed: 12505388937448155989

30 Vulpanium the Trooper (level 3, 0/33 HPs)
             Began as a Draconian Monk on Dec 3, 2023.
             Slain by an adder (2 damage)
             ... on level 2 of the Dungeon.
             The game lasted 00:04:20 (1297 turns).

Vulpanium the Trooper (Draconian Monk)              Turns: 1297, Time: 00:04:21

Health: 0/33       AC:  5    Str: 15    XL:     3   Next: 5%
Magic:  3/3        EV: 13    Int: 10    God:
Gold:   64         SH:  0    Dex: 13    Spells: 2/2 levels left

rFire   . . .        d - +0 whip (vamp)
rCold   . . .        c - orb {light}
rNeg    . . .        (body armour unavailable)
rPois   .            (helmet restricted)
rElec   .            (no cloak)
rCorr   .            (no gloves)
SInv    .            (no boots)
Will    .....        (no amulet)
Stlth   +            (no ring)
HPRegen 0.25/turn    (no ring)
MPRegen 0.08/turn

%: no passive effects
@: glowing
A: AC +5, unfitting armour, cold-blooded
a: no special abilities


You were on level 2 of the Dungeon.
You visited 1 branch of the dungeon, and saw 2 of its levels.

You collected 64 gold pieces.

Inventory:

Hand Weapons
 d - a +0 vampiric whip (weapon)
Armour
 c - an orb of light (worn)
Magical Staves
 e - a staff of conjuration
Scrolls
 h - 3 scrolls of identify
Potions
 b - a potion of ambrosia
 f - a potion of curing {unknown}
 i - 2 potions of lignification
 j - a potion of haste {unknown}


   Skills:
 + Level 3.8 Fighting
 * Level 1.1 Maces & Flails
 - Level 3.0 Polearms
 + Level 3.1 Dodging


You had 2 spell levels left.
You didn't know any spells.
Your spell library contained the following spells:

 Spells                   Type           Power      Damage    Failure   Level
 Gell's Gravitas          Tloc           0%         N/A       75%         3
 Teleport Other           Tloc           0%         N/A       75%         3
 Dispersal                Tloc           0%         N/A       100%        6


Dungeon Overview and Level Annotations

Branches:
Dungeon (2/15)

Altars:


Innate Abilities, Weirdness & Mutations

Your plain brown scales are hard. (AC +5)
You cannot fit into any form of body armour.
You are cold-blooded and may be slowed by cold attacks.


Message History

You feel sick. The adder barely misses you. The adder completely misses you.
The adder barely misses you.
You closely miss the adder.
The adder is heavily wounded.
You feel sick. The adder misses you. The adder barely misses you.
You completely miss the adder.
The adder is heavily wounded.
You feel sick. The adder barely misses you. The adder misses you. x2
You barely miss the adder.
The adder is heavily wounded.
You feel sick.
The adder closely misses you. x2; The adder misses you.
You barely miss the adder.
The adder is moderately wounded.
You feel sick. The adder bites you but does no damage.
The adder closely misses you.
You barely miss the adder.
The adder is moderately wounded.
You feel sick. The adder bites you but does no damage. The adder bites you.
* * * LOW HITPOINT WARNING * * *
The adder bites you but does no damage.
You barely miss the adder.
The adder is moderately wounded.
* * * LOW HITPOINT WARNING * * *
You feel sick.
You are no longer poisoned.
The adder barely misses you. x2; The adder bites you but does no damage.
You barely miss the adder.
You tail-slap the adder, but do no damage.
The adder is heavily wounded.
The adder misses you. The adder completely misses you.
You hit the adder.
You feel better.
The adder is severely wounded.
The adder misses you. The adder bites you.
* * * LOW HITPOINT WARNING * * *
The adder bites you but does no damage.
You hit the adder.
You feel better.
You tail-slap the adder, but do no damage.
The adder is severely wounded.
The adder bites you.
You die...

######## #......#
### #......#
#.###......#
#..........#
#.######'###
#.#<####.#
#......S@#
#........####S#
#.####.### #h#
......=.....#
#.##.##.....#....
# #.##.#[..#h####
#... .<... . ###
.###.. ## .. ...


You could see 2 adders and a jackal.

Vanquished Creatures
  A dart slug (D:1)
  An endoplasm (D:1)
  2 giant cockroaches (D:1)
  3 goblins (D:1)
  A hobgoblin (D:1)
  A kobold (D:1)
  A quokka (D:1)
  4 ball pythons (D:1)
  4 bats (D:1)
  10 frilled lizards (D:1)
  3 rats (D:1)
31 creatures vanquished.

Notes
Turn   | Place    | Note
-------+----------+-------------------------------------------
     0 | D:1      | Vulpanium the Draconian Monk began the quest for the Orb.
     0 | D:1      | Reached XP level 1. HP: 19/19 MP: 1/1
    74 | D:1      | Reached XP level 2. HP: 26/26 MP: 2/2
   869 | D:1      | Reached skill level 1 in Maces & Flails
   954 | D:1      | Reached XP level 3. HP: 28/33 MP: 3/3
  1294 | D:2      | HP: 1/33 [poisoned by an adder]
  1297 | D:2      | Slain by an adder

Illustrated notes

Levels and vault maps discovered:
D:1:      erik_arrival_triangle_medium, layout_basic, minmay_lizard_pond
D:2:      layout_basic, basic_altar, ebering_dispersal_statue_hall,
          minmay_goblin_outpost, uniq_crazy_yiuf_cottage

Skill      XL: |  1  2 |
---------------+-------+-----
Dodging        | 3 |  3.1
Maces & Flails | 1 |  1.1
Fighting       | |  3.8
Polearms       | |  3.0

Action                     || total
---------------------------++-------
  Melee: Whip              ||    80
         Spear             ||     5
         Tailslap          ||    17
    Use: Scroll            ||     3
 Armour: Skin              ||    41
  Dodge: Dodged            ||   112
